 Dungeon Sprint DCSS version 0.21-a0-221-gfe971b9 (webtiles) character file.

22843 Kidiri the Eclecticist (level 12, -14/80 HPs)
             Began as a Deep Elf Fire Elementalist on Aug 24, 2017.
             Was the Champion of Vehumet.
             Demolished by an emperor scorpion (20 damage)
             ... in the Dungeon (Sprint VII: "The Pits").
             The game lasted 00:27:01 (3945 turns).

Kidiri the Eclecticist (Deep Elf Fire Elementalist) Turns: 3945, Time: 00:27:02

Health: -14/80     AC: 10    Str:  5      XL:     12   Next: 66%
Magic:  1/38       EV: 18    Int: 29      God:    Vehumet [******]
Gold:   39         SH:  0    Dex: 12 (15) Spells: 9/51 levels left

rFire    . . .     SeeInvis .   j - +2 dagger
rCold    . . .     Gourm    .   (no shield)
rNeg     + . .     Faith    .   r - +2 robe {rN+}
rPois    .         Spirit   .   x - +0 helmet
rElec    .         Reflect  .   i - +0 cloak
rCorr    .         Harm     .   (no gloves)
MR       +....     Clarity  +   (no boots) Stlth ++........NoTele +
                                (no amulet)
HPRegen  0.23/turn              q - +3 ring of protection
MPRegen  0.26/turn              s - +3 ring of intelligence

@: lethally poisoned (-14 -> -23), very slightly contaminated
A: clarity, deterioration 1, sense surroundings 1, robust 1
a: Renounce Religion


You were in the Dungeon.
You worshipped Vehumet.
Vehumet was exalted by your worship.
You were not hungry.

You visited 1 branch You collected 39 gold pieces.

Inventory:

Hand Weapons
 j - a +2 dagger (weapon)
 w - a +2 rapier of draining
 z - the +2 scimitar of Karma {pain, rF+ Str+4}
   (You found it in the Dungeon)

   In the hands of one skilled in necromantic magic, it inflicts extra damage on
   living creatures.
   It affects your strength (+4).
   It protects you from fire.
Armour
 i - a +0 cloak (worn)
 r - a +2 robe of positive energy (worn)
 x - a +0 helmet (worn)
Jewellery
 q - a +3 ring of protection (left hand)
 s - a +3 ring of intelligence (right hand)
 y - an uncursed ring of ice
 A - an uncursed ring of positive energy
Scrolls
 l - 7 scrolls of remove curse
 m - 3 scrolls of amnesia
 n - 2 scrolls of summoning
 B - a scroll of recharging
 D - 2 scrolls of enchant weapon
 G - a scroll of identify
Potions
 d - 7 potions of curing
 e - 5 potions of heal wounds
 f - a potion of haste
 h - 4 potions of berserk rage
 k - 2 potions of invisibility
 t - 2 potions of resistance
 u - a potion of brilliance
 v - 2 potions of might
Books
 b - a book of Flames

   Spells                             Type                      Level
   a - Flame Tongue                   Conjuration/Fire             1
   b - Throw Flame                    Conjuration/Fire             2
   c - Conjure Flame                  Conjuration/Fire             3
   d - Inner Flame                    Hexes/Fire                   3
   e - Sticky Flame                   Conjuration/Fire             4
   f - Fireball                       Conjuration/Fire             5
Comestibles
 c - 8 bread rations
 o - 29 fruits
 p - 7 meat rations


   Skills:
 + Level 8.0 Fighting
 - Level 9.0 Short Blades
 + Level 7.9 Armour
 - Level 10.8 Dodging
 - Level 2.4 Stealth
 * Level 20.0 Spellcasting
 + Level 12.8 Conjurations
 + Level 13.0 Fire Magic
 + Level 6.0 Ice Magic
 + Level 9.6 Air Magic
 + Level 8.5 Earth Magic
 + Level 10.5 Poison Magic


You had 9 spell levels left.
You knew the following spells:

 Your Spells              Type           Power        Failure   Level  Hunger
a - Flame Tongue          Conj/Fire      #####        0%          1    None
b - Throw Flame           Conj/Fire      ######       0%          2    None
c - Conjure Flame         Conj/Fire      #######.     0%          3    None
d - Inner Flame           Hex/Fire       ######..     1%          3    None
e - Ignite Poison         Fire/Tmut/Pois ######..     1%          3    None
f - Sticky Flame          Conj/Fire      #######.     1%          4    None
g - Fireball              Conj/Fire      #######...   1%          5    None
h - Bolt of Magma         Conj/Fire/Erth #######...   1%          5    None
i - Freezing Cloud        Conj/Ice/Air   ######....   1%          6    None
j - Airstrike             Air            ######....   1%          4    None
k - Poison Arrow          Conj/Pois      #######...   1%          6    None


Dungeon Overview and Level Annotations

Branches:
Dungeon (1/1)

Altars:
Ashenzari
Cheibriados
Dithmenos
Elyvilon
Fedhas
Gozag
Hepliaklqana
Kikubaaqudgha
Makhleb
Nemelex Xobeh
Okawaru
Qazlal
Ru
Sif Muna
Trog
Uskayaw
Vehumet
Wu Jian
Xom
Yredelemnul
Zin
The Shining One
Beogh
Jiyva
Lugonu

Annotations:
D exclusions: 17 doors and 7 more exclusions


Innate Abilities, Weirdness & Mutations

You possess an exceptional clarity of mind.
Your body sometimes deteriorates upon taking damage.
You passively map a small area around you.
You are robust. (+10% HP)


Message History

* * * LOW HITPOINT WARNING * * *
The emperor scorpion claws you.
* * * LOW HITPOINT WARNING * * *
The emperor scorpion claws you!
* * * LOW HITPOINT WARNING * * *
Your body deteriorates!
You feel clumsy.
Unknown command.
Unknown command.
Unknown command.
As you read the scroll of fear, it crumbles to dust.
You assume a fearsome visage.
The emperor scorpion looks frightened!
The guardian serpent looks frightened!
The emperor scorpion resists with almost no effort.
The rakshasa is unaffected.
You feel sick.
The guardian serpent burns!
The guardian serpent stops burning.
The rakshasa hits you with a whip of venom.
* * * LOW HITPOINT WARNING * * *
You are lethally poisoned!
The emperor scorpion stings you!!
You die...

#. #..##.....{....+ ,
, *
#.#..####++####''# *
** ##..#** + *
#''###############
#..#* ,
#§...............(
*#..#
#..§...s.........(
#S.##############+ ,
*, #..# +, , ** ,*,
#s.# , * , , #######
, *, #@s#* , ** *
..##..# * *, #R.# , ,
..##[.# , #..# , ,
..++..#* *#..# , ,
..++..##########..#*+
* ..##..............#
..##...........)..#
################### *
* ##########
##################


You could see 2 emperor scorpions, a rakshasa and a guardian serpent (fleeing).

Vanquished Creatures
  A titan (D)
  A white draconian (D)
  A dire elephant (D)
  Snorg (D)
  2 eidola (D)
  Erolcha (D)
  Harold (D)
  A great orb of eyes (D)
  A catoblepas (D)
  Erica (D)
  A vampire mage (D)
  A shadow wraith (D)
  2 sea snakes (D)
  A flayed ghost (D)
  2 deep trolls (D)
  A harpy (shapeshifter) (D)
  A manticore (D)
  An elephant (D)
  Maurice (D)
  Psyche (D)
  A black mamba (D)
  A smoke demon (D)
  A gargoyle (D)
  2 kobold demonologists (D)
  An efreet (D)
  A komodo dragon (D)
  An ice devil (D)
  A troll (D)
  A jumping spider (D)
  2 hornets (D)
  A tyrant leech (D)
  A snapping turtle (D)
  A bog body (D)
  3 blink frogs (D)
  5 slime creatures (D)
  A shadow (D)
  A spriggan (D)
  A wyvern (D)
  A tarantella (D)
  5 yaks (D)
  2 wraiths (D)
  A chaos spawn (D)
  A hungry ghost (D)
  A naga (D)
  Menkaure (D)
  A porcupine (D)
  An orc warrior (D)
  2 black bears (D)
  An eye of draining (D)
  A sky beast (D)
  An ogre (D)
  Blork the orc (D)
  A gnoll sergeant (D)
  A killer bee (D)
  An iron imp (D)
  2 iguanas (D)
  A hell rat (D)
  A worker ant (D)
  4 gnolls (D)
  2 river rats (D)
  2 oozes (D)
  A leopard gecko (D)
  6 orcs (D)
  A bat skeleton (D)
  A hobgoblin (D)
  6 jackals (D)
  3 ball pythons (D)
  2 bats (D)
  2 frilled lizards (D)
  A quokka skeleton (D)
  A rat (D)
108 creatures vanquished.

Notes
Turn   | Place    | Note
-------+----------+-------------------------------------------
     0 | D        | Kidiri the Deep Elf Fire Elementalist began the quest for the Orb.
     0 | D        | Reached XP level 1. HP: 10/10 MP: 6/6
    46 | D        | Found a bloodstained altar of Trog.
    46 | D        | Found a deep blue altar of Sif Muna.
    46 | D        | Found a viscous altar of Jiyva.
    46 | D        | Found a hazy altar of Hepliaklqana.
    46 | D        | Found an opulent altar of Gozag.
    47 | D        | Found a glowing golden altar of the Shining One.
    47 | D        | Found a glowing silver altar of Zin.
    47 | D        | Found a basalt altar of Yredelemnul.
    47 | D        | Found a shimmering altar of Xom.
    47 | D        | Found an ornate altar of the Wu Jian Council.
    47 | D        | Found a sacrificial altar of Ru.
    47 | D        | Found a stormy altar of Qazlal.
    47 | D        | Found an iron altar of Okawaru.
    47 | D        | Found a sparkling altar of Nemelex Xobeh.
    47 | D        | Found a burning altar of Makhleb.
    47 | D        | Found a blossoming altar of Fedhas.
    47 | D        | Found a white marble altar of Elyvilon.
    47 | D        | Found a shadowy altar of Dithmenos.
    47 | D        | Found a snail-covered altar of Cheibriados.
    49 | D        | Found a radiant altar of Vehumet.
    49 | D        | Found a corrupted altar of Lugonu.
    49 | D        | Found a roughly hewn altar of Beogh.
    50 | D        | Found a hide-covered altar of Uskayaw.
    50 | D        | Found an ancient bone altar of Kikubaaqudgha.
    50 | D        | Found a shattered altar of Ashenzari.
    57 | D        | Became a worshipper of Vehumet
    79 | D        | Reached skill level 4 in Spellcasting
   143 | D        | Reached * piety under Vehumet
   143 | D        | Offered knowledge of Sandblast by Vehumet.
   144 | D        | Reached XP level 2. HP: 13/15 MP: 6/9
   148 | D        | Learned a level 2 spell: Throw Flame
   185 | D        | Reached skill level 5 in Spellcasting
   186 | D        | Reached ** piety under Vehumet
   196 | D        | Reached *** piety under Vehumet
   277 | D        | Noticed Blork the orc
   410 | D        | Noticed a porcupine
   411 | D        | Noticed an ogre
   412 | D        | Noticed Menkaure
   434 | D        | Offered knowledge of Sting by Vehumet.
   434 | D        | Reached skill level 6 in Spellcasting
   434 | D        | Reached XP level 3. HP: 8/19 MP: 5/13
   435 | D        | Killed an ogre
   435 | D        | Reached **** piety under Vehumet
   435 | D        | Reached skill level 7 in Spellcasting
   435 | D        | Reached skill level 5 in Fire Magic
   436 | D        | Killed a porcupine
   436 | D        | Reached skill level 9 in Spellcasting
   436 | D        | Reached XP level 4. HP: 10/24 MP: 7/17
   440 | D        | Killed Blork the orc
   440 | D        | Reached skill level 5 in Conjurations
   440 | D        | Reached XP level 5. HP: 12/28 MP: 6/19
   444 | D        | Killed Menkaure
   444 | D        | Reached ***** piety under Vehumet
   444 | D        | Reached skill level 11 in Spellcasting
   449 | D        | Learned a level 3 spell: Conjure Flame
   453 | D        | Learned a level 3 spell: Inner Flame
   458 | D        | Learned a level 4 spell: Sticky Flame
   464 | D        | Learned a level 5 spell: Fireball
   466 | D        | Learned a level 1 spell: Sting
   613 | D        | Noticed a hungry ghost
   622 | D        | Killed a hungry ghost
   622 | D        | Offered knowledge of Ignite Poison by Vehumet.
   622 | D        | Reached skill level 12 in Spellcasting
   622 | D        | Reached XP level 6. HP: 32/32 MP: 14/23
   627 | D        | Learned a level 3 spell: Ignite Poison
   675 | D        | Offered knowledge of Static Discharge by Vehumet.
   675 | D        | Reached skill level 13 in Spellcasting
   680 | D        | Learned a level 3 spell: Static Discharge
   697 | D        | Offered knowledge of Airstrike by Vehumet.
   706 | D        | Learned a level 4 spell: Airstrike
   722 | D        | Noticed a deep troll
   771 | D        | Offered knowledge of Poison Arrow by Vehumet.
   773 | D        | Killed a deep troll
   773 | D        | Reached skill level 14 in Spellcasting
   773 | D        | Reached XP level 7. HP: 40/40 MP: 6/26
   773 | D        | Reached XP level 8. HP: 44/44 MP: 8/28
   790 | D        | Learned a level 6 spell: Poison Arrow
   956 | D        | Noticed a flayed ghost
   959 | D        | Reached skill level 5 in Dodging
   966 | D        | Reached ****** piety under Vehumet
   966 | D        | Offered knowledge of Spellforged Servitor by Vehumet.
   969 | D        | Killed a flayed ghost
   969 | D        | Reached skill level 15 in Spellcasting
   969 | D        | Reached skill level 10 in Fire Magic
   969 | D        | Reached skill level 5 in Poison Magic
   969 | D        | Reached XP level 9. HP: 39/52 MP: 4/30
  1092 | D        | Noticed a sea snake
  1103 | D        | Killed a sea snake
  1103 | D        | Reached skill level 5 in Short Blades
  1103 | D        | Reached skill level 5 in Air Magic
  1304 | D        | Noticed a black mamba
  1307 | D        | Killed a black mamba
  1307 | D        | Offered knowledge of Bolt of Magma by Vehumet.
  1307 | D        | Reached skill level 16 in Spellcasting
  1357 | D        | Learned a level 5 spell: Bolt of Magma
  1363 | D        | Reached skill level 10 in Conjurations
  1390 | D        | Noticed a smoke demon
  1390 | D        | Noticed a gargoyle
  1394 | D        | Killed a smoke demon
  1394 | D        | Reached skill level 1 in Earth Magic
  1395 | D        | Noticed a jumping spider
  1395 | D        | Paralysed by a hornet for 3 turns
  1403 | D        | Reached XP level 10. HP: 32/58 MP: 10/32
  1403 | D        | Killed a gargoyle
  1596 | D        | Offered knowledge of Iron Shot by Vehumet.
  1596 | D        | Reached skill level 5 in Fighting
  1596 | D        | Reached skill level 5 in Armour
  1738 | D        | Noticed a great orb of eyes
  1742 | D        | Noticed a deep troll
  1748 | D        | Killed a great orb of eyes
  1753 | D        | Killed a deep troll
  1914 | D        | Noticed Psyche
  1914 | D        | Noticed Erica
  1914 | D        | Offered knowledge of Ozocubu's Refrigeration by Vehumet.
  1914 | D        | Reached skill level 17 in Spellcasting
  1917 | D        | Killed Psyche
  1917 | D        | Killed Erica
  2171 | D        | Noticed Erolcha
  2172 | D        | Offered knowledge of Freezing Cloud by Vehumet.
  2174 | D        | Noticed a sea snake
  2174 | D        | Noticed Maurice
  2176 | D        | Killed Erolcha
  2176 | D        | Reached XP level 11. HP: 57/64 MP: 12/34
  2176 | D        | Killed a sea snake
  2176 | D        | Reached skill level 5 in Earth Magic
  2176 | D        | Killed Maurice
  2249 | D        | Noticed a white draconian
  2260 | D        | Killed a white draconian
  2260 | D        | Reached skill level 18 in Spellcasting
  2279 | D        | Got the +2 scimitar of Karma {pain, rF+ Str+4}
  2292 | D        | Identified the Grimoire of Toxins and Beguiling (You found it in the Dungeon)
  2334 | D        | Gained mutation: Your body sometimes deteriorates upon taking damage. [potion of mutation]
  2334 | D        | Gained mutation: You are agile. (Dex +2) [potion of mutation]
  2334 | D        | Gained mutation: Your flesh is heat resistant. (rF+) [potion of mutation]
  2335 | D        | Lost mutation: You are agile. (Dex +2) [potion of mutation]
  2335 | D        | Lost mutation: Your flesh is heat resistant. (rF+) [potion of mutation]
  2335 | D        | Gained mutation: You are robust. (+10% HP) [potion of mutation]
  2335 | D        | Gained mutation: You passively map a small area around you. [potion of mutation]
  2335 | D        | Gained mutation: You possess an exceptional clarity of mind. [potion of mutation]
  2343 | D        | Learned a level 6 spell: Freezing Cloud
  2485 | D        | Offered knowledge of Conjure Ball Lightning by Vehumet.
  2636 | D        | Noticed an eidolon
  2641 | D        | Reached skill level 1 in Ice Magic
  2645 | D        | Killed an eidolon
  2645 | D        | Reached skill level 10 in Dodging
  2966 | D        | Noticed an eidolon
  2974 | D        | Killed an eidolon
  2974 | D        | HP: 3/72 [something (18)]
  2982 | D        | Killed a shadow wraith
  3277 | D        | Offered knowledge of Fire Storm by Vehumet.
  3277 | D        | Offered knowledge of Glaciate by Vehumet.
  3277 | D        | Offered knowledge of Shatter by Vehumet.
  3277 | D        | Reached skill level 19 in Spellcasting
  3277 | D        | Reached XP level 12. HP: 79/79 MP: 24/37
  3403 | D        | Noticed an emperor scorpion
  3403 | D        | Noticed a vampire mage
  3405 | D        | Noticed Snorg
  3408 | D        | Noticed a dire elephant
  3411 | D        | Noticed a catoblepas
  3412 | D        | Killed Snorg
  3441 | D        | Killed a vampire mage
  3591 | D        | Killed a dire elephant
  3591 | D        | Reached skill level 5 in Ice Magic
  3591 | D        | Reached skill level 10 in Poison Magic
  3648 | D        | Noticed a titan
  3651 | D        | Killed a titan
  3868 | D        | Noticed Harold
  3869 | D        | Killed Harold
  3884 | D        | Killed a catoblepas
  3922 | D        | HP: 4/80 [emperor scorpion (6)]
  3933 | D        | Reached skill level 20 in Spellcasting
  3938 | D        | Noticed a rakshasa
  3945 | D        | Demolished by an emperor scorpion

Vault maps used:
D:        pitsprint

Skill      XL: |  1  2  3  4  5  6  7  8  9 10 11 12 |
---------------+-------------------------------------+-----
Spellcasting   | 4 6 9 12 14 15 16 17 19 20 | 20.0
Conjurations   | 2 3 4 5 7 8 9 10 11 12 | 12.8
Fire Magic     | 4 5 6 8 9 10 11 12 13 | 13.0
Fighting       | 2 3 4 6 7 8 |  8.0
Short Blades   | 2 3 4 5 7 8 9 |  9.0
Armour         | 2 3 4 5 7 |  7.9
Dodging        | 4 6 7 9 10 | 10.8
Air Magic      | 2 4 5 7 8 9 |  9.6
Poison Magic   | 3 5 6 8 9 10 | 10.5
Earth Magic    | 1 4 7 8 |  8.5
Ice Magic      | 3 6 |  6.0
Stealth        | |  2.4

Action                   |  1- 3 |  4- 6 |  7- 9 | 10-12 || total
-------------------------+-------+-------+-------+-------++-------
Melee: Dagger            |     1 |       |       |    26 ||    27
Throw: Throwing net      |       |       |       |     1 ||     1
 Cast: Flame Tongue      |    26 |    17 |     3 |     5 ||    51
       Throw Flame       |     1 |       |       |       ||     1
       Conjure Flame     |       |     4 |     4 |     2 ||    10
       Sting             |       |     4 |       |       ||     4
       Fireball          |       |     3 |     3 |    12 ||    18
       Inner Flame       |       |     2 |     4 |     7 ||    13
       Ignite Poison     |       |     2 |     1 |     6 ||     9
       Sticky Flame      |       |       |     7 |    12 ||    19
       Poison Arrow      |       |       |     7 |    22 ||    29
       Airstrike         |       |       |    12 |    30 ||    42
       Bolt of Magma     |       |       |       |    17 ||    17
       Freezing Cloud    |       |       |       |     9 ||     9
  Use: Potion            |     3 |       |     4 |    13 ||    20
       Scroll            |       |     1 |     2 |     3 ||     6
  Eat: Chunk             |       |       |     3 |       ||     3
       Fruit             |       |       |       |    11 ||    11
Armor: Robe              |     4 |       |     9 |    14 ||    27
Dodge: Dodged            |    22 |     1 |    11 |    59 ||    93

Table legend:
 A = Spawn XP
 B = Non-spawn XP
 C = Spawn XP percentage of total XP
 D = Spawn monster count
 E = Non-spawn monster count
 F = Spawn count percentage of total count
 G = Total turns spent on level
                    A         B        C        D         E        F      G
               +---------+---------+-------+---------+---------+-------+---------
         Total |       0 |   32633 |   0.0 |       0 |     108 |   0.0 |  3945
               +---------+---------+-------+---------+---------+-------+---------
             D |       0 |   32633 |   0.0 |       0 |     108 |   0.0 |  3945
               +---------+---------+-------+---------+---------+-------+---------
